 Dungeon Crawl Stone Soup version 0.29-a0-270-g1586fc07ea (webtiles) character file.

Game seed: 2477959566264592285

81 siradein the Grave Robber (level 4, 0/36 HPs)
             Began as a Ghoul Necromancer on Mar 8, 2022.
             Slain by Terence
             ... wielding a +0 short sword
              (1 damage)
             ... on level 2 of the Dungeon.
             The game lasted 00:10:00 (2744 turns).

siradein the Grave Robber (Ghoul Necromancer)       Turns: 2744, Time: 00:10:01

Health: 0/36       AC:  5    Str: 11    XL:     4   Next: 42%
Magic:  0/6        EV: 11    Int: 12    God:
Gold:   66         SH:  0    Dex:  9    Spells: 3/7 levels left

rFire   . . .      SeeInvis .   j - +0 flail
rCold   + . .      Faith    .   (no shield)
rNeg    + + +      Spirit   .   a - +0 leather armour
rPois   ∞          Reflect  .   k - +1 helmet
rElec   .          Harm     .   (no cloak)
rCorr   .          Rampage  .   (no gloves)
Will    .....                   (no boots)
Stlth   +.........              (no amulet)
HPRegen 0.00/turn               (no ring)
MPRegen 0.10/turn               (no ring)

@: inhibited regen
A: claws 1, cold resistance 1, negative energy resistance 3, inhibited
regeneration, torment resistance 2
a: no special abilities


You were on level 2 of the Dungeon.
You visited 1 branch of the dungeon, and saw 2 of its levels.

You collected 88 gold pieces.
You spent 22 gold pieces at shops.

Inventory:

Hand Weapons
 j - a +0 flail (weapon)
Armour
 a - a +0 leather armour (worn)
 k - a +1 helmet (worn)
 l - a +0 ring mail
Scrolls
 f - 2 scrolls of teleportation {unknown}
 g - a scroll of silence {unknown}
 i - a scroll of immolation {unknown}
 m - a scroll of magic mapping {unknown}
Potions
 b - a potion of magic
 c - a potion of might {unknown}
 d - 2 potions of resistance
 e - 2 potions of curing {unknown}
 n - a potion of heal wounds {unknown}


   Skills:
 + Level 1.9 Fighting
 + Level 2.5 Dodging
 - Level 2.1 Stealth
 + Level 2.4 Spellcasting
 + Level 4.4 Necromancy


You had 3 spell levels left.
You knew the following spells:

 Your Spells              Type           Power      Damage    Failure   Level
a - Pain                  Necr           48%        1d6       5%          1
b - Vampiric Draining     Necr           12%        2d6       16%         3

Your spell library contained the following spells:

 Spells                   Type           Power      Damage    Failure   Level
 Animate Skeleton         Necr           24%        N/A       5%          1
 Animate Dead             Necr           6%         N/A       47%         4
 Agony                    Necr           12%        N/A       83%         5
 Airstrike                Air            0%         N/A       98%         4
 Summon Lightning Spire   Summ/Air       1%         N/A       98%         4
 Lightning Bolt           Conj/Air       0%         1d11      100%        5


Dungeon Overview and Level Annotations

Branches:
Dungeon (2/15)

Altars:

Shops:
D:2 ??[[

Annotations:
D:2 Terence


Innate Abilities, Weirdness & Mutations

You thrive by killing the living.
You are immune to poison.
You have sharp fingernails.
Your flesh is cold resistant. (rC+)
You are immune to negative energy. (rN+++)
You do not regenerate when monsters are visible.
You are immune to unholy pain and torment.


Message History

You closely miss Terence.
Terence is almost dead.
Terence hits you with a +0 short sword. Terence hits you but does no damage.
You closely miss Terence.
Terence is almost dead.
Terence barely misses you.
You barely miss Terence.
Terence is almost dead.
Terence hits you with a +0 short sword.
You are too injured to fight recklessly!
You are too injured to fight recklessly!
You are too injured to fight recklessly!
Casting: Pain (safe; 5% risk of failure)
Confirm with . or Enter, or press ? or * to list all spells.
Aiming: Pain (safe; 5% risk of failure)
Press: ? - help, Shift-Dir - straight line, f/p - Terence
Aim: Terence, wielding a +0 short sword and wearing a +0 scale mail (almost dead, chance to affect: 75%) Terence struggles to resist.
Terence barely misses you. Terence closely misses you.
Things that are here:
a +0 flail; a green potion Terence attacks as you move away!
Terence hits you with a +0 short sword.
Casting: Pain (safe; 5% risk of failure)
Confirm with . or Enter, or press ? or * to list all spells.
Aiming: Pain (safe; 5% risk of failure)
Press: ? - help, Shift-Dir - straight line, f/p - Terence
Aim: Terence, wielding a +0 short sword and wearing a +0 scale mail (almost dead, chance to affect: 75%) Terence writhes in agony.
Terence closely misses you.
You hit Terence but do no damage.
Terence is almost dead.
Terence barely misses you. Terence hits you with a +0 short sword.
* * * LOW HITPOINT WARNING * * *
Terence attacks as you move away! Terence hits you with a +0 short sword.
* * * LOW HITPOINT WARNING * * *
Terence attacks as you move away! Terence hits you with a +0 short sword.
* * * LOW HITPOINT WARNING * * *
You hit Terence but do no damage.
Terence is almost dead.
Terence hits you with a +0 short sword.
You die...

..#...#g....#..................#
..#...#.....#................#.#
..#...#.)...#................#.##
..#...#.....#................#..#
#.g...#.....##...............#..#
.g.†.##......................##..
.....##......................##.>
.....##......................'...
.....##....###..@@.....).....#.#.
.....##....# #.....#####<#####.#.
..#####....# #.....# #.#.......
..# #....# #....########..#...#
..# #....# ######♣.§§§§#...#.#.
..# #....# #..≈≈§.÷....∩.. ..#
#....# #.≈§≈≈≈....#.#. ..# ######
#∩≈≈≈≈≈...#...# ..#
#.≈≈≈≈≈.#......


You could see Terence.

Vanquished Creatures
  2 gnolls
  An adder (D:2)
  3 dart slugs
  4 ball pythons
  6 bats
  4 endoplasms (D:1)
  2 giant cockroaches
  4 goblins
  4 hobgoblins
  2 jackals (D:1)
  3 quokkas
  2 frilled lizards (D:2)
  2 kobolds
  6 rats
45 creatures vanquished.

Notes
Turn   | Place    | Note
-------+----------+-------------------------------------------
     0 | D:1      | siradein the Ghoul Necromancer began the quest for the Orb.
     0 | D:1      | Reached XP level 1. HP: 14/14 MP: 2/2
   294 | D:1      | Reached XP level 2. HP: 22/22 MP: 0/3
   528 | D:1      | Reached skill level 1 in Fighting
   992 | D:1      | Found a faded altar of an unknown god.
  1135 | D:1      | Reached XP level 3. HP: 26/28 MP: 0/5
  1144 | D:1      | Learned a level 3 spell: Vampiric Draining
  1406 | D:2      | Found Kapuufi's Magic Scroll Shop.
  1974 | D:2      | Found Onkiab Ebro's Antique Armour Boutique.
  2123 | D:2      | Found Zios's Magic Scroll Shoppe.
  2144 | D:2      | Reached XP level 4. HP: 36/36 MP: 0/6
  2204 | D:2      | Bought a scroll of identify for 22 gold pieces
  2241 | D:2      | Noticed Terence
  2387 | D:2      | Found Ducwydd's Antique Armour Shoppe.
  2743 | D:2      | HP: 1/36 [Terence/+0 short sword (6)]
  2744 | D:2      | Slain by Terence

Illustrated notes

Levels and vault maps discovered:
D:1:      wander_arrival_estate, layout_basic, ebering_ecumenical_altar_webs
D:2:      layout_basic, serial_shops, nicolae_shop_hallway_plus,
          nicolae_lakefront_shop, shop, nicolae_shop_advertising_works
          [nicolae_subvault_shop_adworks], cheibrodos_gnoll_hut, uniq_terence

Skill      XL: |  1  2 |
---------------+-------+-----
Dodging        | 2 |  2.5
Spellcasting   | 2 |  2.4
Fighting       | 1 |  1.9
Stealth        | |  2.1
Necromancy     | |  4.4

Action                   |  1- 3 |  4- 6 || total
-------------------------+-------+-------++-------
Melee: Unarmed           |    29 |       ||    29
       Dagger            |    20 |       ||    20
       Whip              |    28 |       ||    28
       Flail             |       |    10 ||    10
 Cast: Pain              |    65 |    29 ||    94
  Use: Scroll            |       |     2 ||     2
Armor: Robe              |    23 |       ||    23
       Leather armour    |     4 |     6 ||    10
       Ring mail         |     3 |       ||     3
Dodge: Dodged            |    87 |    18 ||   105

Table legend: (Time is in decaauts)
 A = Elapsed time spent in this place.
 B = Non-inter-level travel time spent in this place.
 C = Inter-level travel time spent in this place.
 D = Time resting spent in this place.
 E = Time spent auto-exploring this place.
 F = Levels seen in this place.
 G = Mean time per level.
                   A        B        C        D        E       F      G
               +--------+--------+--------+--------+--------+-----+--------+
         Total |   2753 |   2730 |     23 |    351 |   1689 |   2 | 1376.5 |
       Dungeon |   2753 |   2730 |     23 |    351 |   1689 |   2 | 1376.5 |
               +--------+--------+--------+--------+--------+-----+--------+

Top non-repeatable levels by time:
     D:1: 1800 daAuts
     D:2: 952 daAuts
